 Dungeon Crawl Stone Soup version 0.25.1-2-g60ff931df9 (webtiles) character file.

Game seed: 10718936202489731793

5180 Ivernyr the Frost Mage (level 10, -27/44 HPs)
             Began as a Vine Stalker Ice Elementalist on Oct 16, 2020.
             Was a Priest of Sif Muna.
             Annihilated by an earth elemental (30 damage)
             ... on level 10 of the Dungeon.
             The game lasted 00:23:52 (8938 turns).

Ivernyr the Frost Mage (VSIE)                       Turns: 8938, Time: 00:23:54

Health: -27/44     AC: 17    Str: 13    XL:     10   Next: 60%
Magic:  0/31       EV: 13    Int: 22    God:    Sif Muna [***...]
Gold:   470        SH:  0    Dex: 13    Spells: 9/24 levels left

rFire    . . .     SeeInvis .   F - +8 broad axe "Niudgh Resk" {freeze, +Inv rPois rN+ Dex-3}
rCold    . . .     Gourm    .   (no shield)
rNeg     + . .     Faith    .   K - +9 ring mail "Zenebr Zaff" {+Inv Int+4}
rPois    +         Spirit   +   (no helmet)
rElec    .         Reflect  .   v - scarf {+Inv}
rCorr    .         Harm     .   p - +1 pair of gloves {Str+3}
MR       +....                  t - +0 pair of boots
Stlth    +.........             (no amulet)
HPRegen  0.54/turn              D - ring of poison resistance (curse)
MPRegen  0.22/turn              a - ring of magical power

@: frozen ramparts
A: fangs 3, regeneration 1, magic shield, antimagic bite, no potion heal 3, rot
immunity
a: Channel Magic, Forget Spell, Renounce Religion, Evoke Invisibility


You were on level 10 of the Dungeon.
You worshipped Sif Muna.
Sif Muna was most pleased with you.
You were very hungry.

You visited 2 branches of the dungeon, and saw 12 of its levels.

You collected 776 gold pieces.
You spent 306 gold pieces at shops.

Inventory:

Hand Weapons
 F - the +8 broad axe "Niudgh Resk" (weapon) {freeze, +Inv rPois rN+ Dex-3}
   (You bought it in a shop on level 7 of the Dungeon)

   It has been specially enchanted to freeze those struck by it, causing extra
   injury to most foes and up to half again as much damage against particularly
   susceptible opponents.
   It can also slow down cold-blooded creatures.
   It affects your dexterity (-3).
   It protects you from poison.
   It protects you from negative energy.
   It lets you turn invisible.
Armour
 p - a +1 pair of gloves of strength (worn)
 t - a +0 pair of boots (worn)
 v - a scarf of invisibility (worn)
 K - the +9 ring mail "Zenebr Zaff" (worn) {+Inv Int+4}
   (You found it on level 8 of the Dungeon)

   It affects your intelligence (+4).
   It lets you turn invisible.
Jewellery
 a - a ring of magical power (right hand)
 D - a cursed ring of poison resistance (left hand)
 H - an uncursed ring of fire
 M - a cursed ring of teleportation {unknown}
Wands
 q - a wand of paralysis (17)
 x - a wand of digging (3)
 y - a wand of acid (7)
 G - a wand of flame (29)
Scrolls
 d - 2 scrolls of blinking {unknown}
 e - 2 scrolls of magic mapping {unknown}
 f - 2 scrolls of enchant weapon {unknown}
 i - 6 scrolls of teleportation {unknown}
 n - 6 scrolls of identify {unknown}
 o - 3 scrolls of random uselessness {unknown}
 r - 8 scrolls of remove curse {unknown}
 s - a scroll of immolation {unknown}
 u - 2 scrolls of noise {unknown}
 z - a scroll of fog {unknown}
 B - a scroll of enchant armour {unknown}
 C - a scroll of torment {unknown}
Potions
 b - 2 potions of lignification {unknown}
 g - 3 potions of might {unknown}
 h - 3 potions of mutation {unknown}
 j - a potion of berserk rage {unknown}
 k - 2 potions of flight {unknown}
 l - 3 potions of stabbing {unknown}
 m - a potion of haste {unknown}
 w - a potion of degeneration {unknown}
 A - 3 potions of heal wounds {unknown}
 E - 2 potions of invisibility {unknown}
 I - a potion of curing {unknown}
 J - a potion of brilliance {unknown}
Comestibles
 c - 28 rations


   Skills:
 + Level 2.7 Armour
 - Level 5.4 Dodging
 - Level 2.4 Stealth
 + Level 7.6 Spellcasting
 * Level 11.0 Ice Magic
 + Level 4.8 Invocations


You had 9 spell levels left.
You knew the following spells:

 Your Spells              Type           Power        Failure   Level  Hunger
a - Freeze                Ice            ####         1%          1    None
b - Frozen Ramparts       Ice            ######       1%          3    None
c - Ozocubu's Armour      Chrm/Ice       ####....     4%          3    None
d - Hailstorm             Conj/Ice       ####....     16%         4    ###....
e - Summon Ice Beast      Ice/Summ       ####....     16%         4    ###....

Your spell library contained the following spells:

 Spells                   Type           Power        Failure   Level  Hunger
 Ensorcelled Hibernation  Hex/Ice        ####..       2%          2    None
 Corona                   Hex            #......      16%         1    None
 Summon Small Mammal      Summ           #...         16%         1    None
 Call Imp                 Summ           #.......     24%         2    None
 Poisonous Vapours        Pois/Air       #.....       24%         2    None
 Call Canine Familiar     Summ           #.......     43%         3    None
 Confusing Touch          Hex            #.......     43%         3    None
 Conjure Flame            Conj/Fire      #.......     43%         3    None
 Dazzling Flash           Conj/Hex       #.....       43%         3    None
 Mephitic Cloud           Conj/Pois/Air  #.......     43%         3    None
 Summon Guardian Golem    Hex/Summ       #.......     43%         3    None
 Tukima's Dance           Hex            #.......     43%         3    None
 Summon Lightning Spire   Summ/Air       #.......     85%         4    ###....
 Freezing Cloud           Conj/Ice/Air   ###.......   99%         6    ######.
 Ring of Flames           Chrm/Fire      #.........   100%        7    #######


Dungeon Overview and Level Annotations

Branches:
Dungeon (11/15)            Temple (1/1) D:7            Lair (0/6) D:10
    Orc (0/2) D:11

Altars:
Dithmenos
Elyvilon
Fedhas
Gozag
Makhleb
Nemelex Xobeh
Okawaru
Qazlal
Ru
Sif Muna
Trog
Uskayaw
Wu Jian
Yredelemnul
Zin
The Shining One

Shops:
D:4 }   D:5 (   D:7 (%

Annotations:
D:9 3 runed translucent doors


Innate Abilities, Weirdness & Mutations

You have razor-sharp teeth.
Your natural rate of healing is unusually fast.
When hurt, damage is shared between your health and your magic reserves.
Your bite disrupts and absorbs the magic of your enemies.
Potions cannot restore your health.
You are immune to rotting.


Message History

The earth elemental completely misses you.
The earth elemental completely resists.
The wall freezes the earth elemental but do no damage.
The earth elemental hits you but does no damage.
The earth elemental completely resists.
The wall freezes the earth elemental but do no damage.
The earth elemental hits you!!
You slice the earth elemental!!
You bite the earth elemental, but do no damage.
The earth elemental is severely damaged.
You hit the earth elemental but do no damage. x2
The earth elemental completely resists.
The wall freezes the earth elemental but do no damage.
The earth elemental hits you!!
* * * LOW HITPOINT WARNING * * *
The earth elemental completely resists.
The wall freezes the earth elemental but do no damage.
The earth elemental hits you!!
Ouch! That really hurt!
You die...

#.##.#
##########
##.##.#
#>......<#
#.###.#
#.....$..#
#.....#
#........#
#######
#...??...#
#...!?...#
#E.......#
##
#EE......#
≈#
#@E.....<#
.#
##########
## #


You could see 4 earth elementals.

Vanquished Creatures
  Joseph (D:9)
  Prince Ribbit (D:5)
  2 hippogriffs
  A wyvern (D:8)
  3 hungry ghosts (D:11)
  Edmund (D:6)
  A water moccasin (D:8)
  2 ice beasts
  A phantom (D:10)
  2 orc warriors
  A necrophage (D:5)
  2 ogres
  3 centaurs
  7 bullfrogs
  4 scorpions
  2 troll zombies (D:11)
  9 wights
  2 crimson imps
  5 jellies
  3 hounds
  3 orc priests
  7 orc wizards
  A bullfrog skeleton (D:11)
  6 iguanas
  9 worker ants
  6 ogre zombies (D:11)
  A howler monkey skeleton (D:5)
  7 gnolls
  13 adders
  3 shadow imps
  5 oozes (D:10)
  2 adder skeletons
  2 worms
  3 dart slugs
  6 leopard geckos
  36 orcs
  2 ball pythons
  3 giant cockroaches
  2 hobgoblins
  13 jackals
  7 kobolds
  8 quokkas
  10 bats
  6 frilled lizards
  9 goblins
  5 goblin skeletons (D:11)
  3 goblin zombies (D:11)
  4 hobgoblin zombies (D:11)
  A jackal skeleton (D:5)
  2 leopard gecko skeletons (D:7)
  A leopard gecko zombie (D:5)
  2 orc skeletons (D:11)
  11 orc zombies (D:11)
  2 quokka skeletons
  A quokka zombie (D:6)
  3 rats
258 creatures vanquished.

Notes
Turn   | Place    | Note
-------+----------+-------------------------------------------
     0 | D:1      | Ivernyr the Vine Stalker Ice Elementalist began the quest
                  | for the Orb.
     0 | D:1      | Reached XP level 1. HP: 9/9 MP: 4/4
   125 | D:1      | Reached XP level 2. HP: 8/13 MP: 0/6
   789 | D:1      | Reached XP level 3. HP: 16/16 MP: 7/7
   794 | D:1      | Learned a level 3 spell: Frozen Ramparts
   798 | D:1      | Learned a level 3 spell: Ozocubu's Armour
  1289 | D:2      | Gained mutation: Your natural rate of healing is unusually
                  | fast. [Vine Stalker growth]
  1289 | D:2      | Reached XP level 4. HP: 21/21 MP: 9/9
  1460 | D:2      | Found a bloodstained altar of Trog.
  1471 | D:2      | Found a basalt altar of Yredelemnul.
  1993 | D:3      | Reached skill level 5 in Ice Magic
  1995 | D:3      | Reached XP level 5. HP: 21/24 MP: 5/10
  2278 | D:3      | Found a stormy altar of Qazlal.
  2382 | D:3      | Found an ornate altar of the Wu Jian Council.
  2859 | D:4      | Found Juwuudgh's Gadget Emporium.
  3018 | D:4      | Found an iron altar of Okawaru.
  3066 | D:4      | Reached XP level 6. HP: 23/28 MP: 5/12
  3702 | D:5      | Entered Level 5 of the Dungeon
  3736 | D:5      | Reached skill level 6 in Ice Magic
  3911 | D:5      | Noticed Prince Ribbit
  4063 | D:5      | Found a shadowy altar of Dithmenos.
  4063 | D:5      | Found a white marble altar of Elyvilon.
  4118 | D:5      | Reached XP level 7. HP: 31/32 MP: 8/14
  4281 | D:5      | Found a glowing golden altar of the Shining One.
  4425 | D:5      | Found Kufif's Weapon Shop.
  4535 | D:5      | Killed Prince Ribbit
  4535 | D:5      | Reached skill level 7 in Ice Magic
  4541 | D:5      | Found Kufif's Weapon Shop.
  4614 | D:6      | Found a blossoming altar of Fedhas.
  4644 | D:6      | Gained mutation: You have razor-sharp teeth. [Vine Stalker
                  | growth]
  4644 | D:6      | Reached XP level 8. HP: 19/36 MP: 1/16
  4789 | D:6      | Reached skill level 5 in Spellcasting
  4920 | D:6      | Noticed Edmund
  4930 | D:6      | Killed Edmund
  4930 | D:6      | Reached skill level 8 in Ice Magic
  5339 | D:7      | Noticed a hippogriff
  5344 | D:7      | Killed a hippogriff
  5420 | D:7      | Found a staircase to the Ecumenical Temple.
  5434 | Temple   | Entered the Ecumenical Temple
  5454 | Temple   | Became a worshipper of Sif Muna the Loreminder
  5558 | D:7      | Found Sostriv's Antique Weapon Emporium.
  5563 | D:7      | Bought a faintly glowing broad axe for 306 gold pieces
  5563 | D:7      | Identified the +8 broad axe "Niudgh Resk" {freeze, +Inv
                  | rPois rN+ Dex-3} (You bought it in a shop on level 7 of the
                  | Dungeon)
  5586 | D:7      | Found Tacygem's Food Shop.
  5601 | D:7      | Reached skill level 1 in Invocations
  5601 | D:7      | Reached XP level 9. HP: 36/39 MP: 16/18
  5677 | D:7      | Reached skill level 9 in Ice Magic
  5764 | D:7      | Reached skill level 5 in Dodging
  6733 | D:8      | Reached * piety under Sif Muna
  6881 | D:8      | Got a brightly glowing ring mail
  6892 | D:8      | Identified the +9 ring mail "Zenebr Zaff" {+Inv Int+4} (You
                  | found it on level 8 of the Dungeon)
  6939 | D:8      | Learned a level 4 spell: Hailstorm
  6944 | D:8      | Learned a level 4 spell: Summon Ice Beast
  7032 | D:8      | Reached skill level 10 in Ice Magic
  7282 | D:9      | Reached skill level 1 in Armour
  7455 | D:9      | Noticed Joseph
  7455 | D:9      | Paralysed by Joseph for 6 turns
  7470 | D:9      | Killed Joseph
  7470 | D:9      | Reached XP level 10. HP: 21/44 MP: 10/21
  7608 | D:9      | Found a runed translucent gate.
  7608 | D:9      | Noticed a purple very ugly thing
  7609 | D:9      | Found a runed translucent gate.
  7609 | D:9      | Noticed a white ugly thing
  7610 | D:9      | Found a runed translucent gate.
  7610 | D:9      | Noticed a glowing orange brain
  7611 | D:9      | Noticed a white ugly thing
  7613 | D:9      | Noticed a brown ugly thing
  7615 | D:9      | Noticed a cyan ugly thing
  7617 | D:9      | Noticed a cyan ugly thing
  7833 | D:10     | Entered Level 10 of the Dungeon
  7866 | D:10     | Found a staircase to the Lair.
  8398 | D:10     | Reached ** piety under Sif Muna
  8683 | D:11     | Found a staircase to the Orcish Mines.
  8792 | D:11     | Reached *** piety under Sif Muna
  8849 | D:11     | Reached skill level 11 in Ice Magic
  8938 | D:10     | Annihilated by an earth elemental

Illustrated notes

Levels and vault maps discovered:
D:1:      matt_arrival_debris, layout_basic, serial_park_tiny_2,
          minmay_tromino_mix6
D:2:      layout_loops_cross, amethyst_overflow_temple_binary
D:3:      layout_basic, marbit_many_paths, kennysheep_nondescript,
          grunt_qazlal_clouds
D:4:      layout_gridville, nicolae_overflow_crystal_walls, serial_shops,
          shop_fountains, hangedman_abyss_or_decor_stabs, grunt_decor_fettered
D:5:      layout_rooms, gammafunk_temple_overflow_elements, first_ration,
          serial_shops, shop, nicolae_tso_carved_into_rock, uniq_prince_ribbit1
D:6:      layout_rooms, fedhas_bush_and_centaur_altar, uniq_edmund
D:7:      layout_basic, minmay_temple_entry_offerings, serial_shops, shop,
          kennysheep_mini
D:8:      layout_loops_corners, kennysheep_generic_room_11
D:9:      layout_basic, ploomutoo_gammafunk_ghost_potion_laboratory, uniq_joseph
D:10:     minmay_stone_box, layout_loops_cross, dpeg_oklobed_lair,
          hangedman_little_slice_of_home, minmay_misc_feat_room
D:11:     layout_long_grid, zombieorc2_lemuel, minmay_increasing_density
Temple:   regret_index_temple_waves

Skill      XL: |  1  2  3  4  5  6  7  8  9 10 |
---------------+-------------------------------+-----
Dodging        | 2 3 4 5 |  5.4
Spellcasting   | 3 4 5 7 |  7.6
Ice Magic      | 5 6 7 8 10 11 | 11.0
Invocations    | 1 3 4 |  4.8
Armour         | 1 2 |  2.7
Stealth        | |  2.4

Action                   |  1- 3 |  4- 6 |  7- 9 | 10-12 || total
-------------------------+-------+-------+-------+-------++-------
Melee: Unarmed           |     7 |       |       |       ||     7
       Whip              |    32 |   133 |    58 |       ||   223
       Bite              |    11 |    32 |    46 |    38 ||   127
       Flail             |       |       |    24 |       ||    24
       Broad axe         |       |       |   105 |   148 ||   253
 Cast: Freeze            |    24 |    41 |       |       ||    65
       Frozen Ramparts   |       |     8 |    20 |    11 ||    39
       Ozocubu's Armour  |       |       |     1 |       ||     1
 Stab: Sleeping          |     3 |     8 |     5 |       ||    16
  Eat: Chunk             |     1 |    10 |    11 |    11 ||    33
Armor: Robe              |    10 |    52 |    28 |       ||    90
       Ring mail         |       |       |    25 |    86 ||   111
Dodge: Dodged            |    49 |   127 |   157 |   130 ||   463
